[Event "*** Titled Tuesday Blitz"]
[Site "Chess.com"]
[Date "2019.07.02"]
[Round "9"]
[White "DACF2905"]
[Black "bluejay1897"]
[Result "1-0"]
[WhiteElo "2229"]
[BlackElo "2232"]
[TimeControl "180+2"]
[EndTime "15:02:02 PDT"]
[Termination "DACF2905 won by resignation"]

1. e4 c5 2. Nf3 e6 3. d4 cxd4 4.
Nxd4 Nc6 5. Nc3 Qc7 6. Be3 a6 7. Be2 Nf6 8. O-O Be7 9. a3 O-O 10. f4 d6 11. Qd2 b5 12. Bf3 Bb7 13. g4 Nxd4 14. Bxd4 e5 15. Be3 Rfd8 16. g5 Nd7 17. f5 Bf8 18. g6 hxg6 19. fxg6 fxg6 20. Qg2 Nf6 21. Qxg6 Qf7 22. Qg5 Be7 23. Qg3 Rf8 24. Rad1 Nh5 25. Qh3 Nf4 26. Bxf4 exf4 27. Bh5 g6 28. Bg4 Kg7 29. Be6 Qf6 30. Qg4 Rad8 31. Nd5 Bxd5 32. Rxd5 Qh4 33. Qxh4 Bxh4 34. Kg2 Be7 35.
Kf3 g5 36. Bf5 Kf6 37. Rg1 Rh8 38. Rg2 Rh4 39. Rd3 Rdh8 40. h3 Ke5 41. Rd5+ Kf6 42.
b3 Bf8 43. Rgd2 Be7 44. c4 Rxh3+ 45. Bxh3 Rxh3+ 46. Kf2 Rxb3 47. cxb5 axb5 48. R2d3 Rb2+ 49. Kf3 Rb1 50. Rc3 Rf1+ 51. Kg2 Ra1 52. Rb3 g4 53. Rf5+ Kg6 54. Rxf4 Kg5 55. Rf5+ Kh4 56. Rfxb5 Re1 57. R5b4 Re2+ 58. Kf1 Rh2 59. Rb7 Bg5 60. Rh7+ 1-0

[Event "*** Titled Tuesday Blitz"]
[Site "Chess.com"]
[Date "2019.07.02"]
[Round "9"]
[White "MateSchmate"]
[Black "sergeikim"]
[Result "1-0"]
[WhiteElo "2378"]
[BlackElo "2464"]
[TimeControl "180+2"]
[EndTime "15:02:05 PDT"]
[Termination "MateSchmate won by resignation"]

1. e4 e5 2. Nf3 Nc6 3. d4 exd4 4. Nxd4 Bc5 5. Nxc6 Qf6 6. Qf3 dxc6 7. Nc3 Be6 8.
Bd3 O-O-O 9. Qg3 Bd4 10. Ne2 Bxb2 11. Bg5 Qe5 12. Bf4 Qa5+ 13. Bd2 Qa3 14. Rb1 Nf6 15. O-O Nxe4 16. Bxe4 Rxd2 17. Bd3 Rd8 18. Nf4 Bxa2 19.
Ra1 Bxa1 20. Bf5+ Kb8 21. Qxa3 Bc4 22. Bd3 Bxd3 23. Nxd3 Bd4 24. Qb4 Rxc2 25. Rb1 b6 26. Qb3 Rd2 27. Rd1 Rxd1+ 28. Qxd1 c5 29. Qc2 b5 30.
Kf1 c4 31. Nb4 Rd6 32. Qe4 a6 33. Nc6+ Kc8 34. Nxd4 c3 35. Nc2 Rd2 36. Ke1 a5 37. Nd4 b4 38. Qe8+ Kb7 39. Qb5+ Kc8 40. Qe8+ Kb7 41.
Qc6+ Kc8 42. Nb5 Kd8 43. Qxc7+ Ke8 44. Nd6+ Rxd6 45. Qxd6 b3 46. Qc6+ Ke7 47. Qxc3 a4 48.
Qb4+ Ke6 49. Qxa4 b2 50. Qb3+ 1-0

[Event "*** Titled Tuesday Blitz"]
[Site "Chess.com"]
[Date "2019.07.02"]
[Round "9"]
[White "Etoilegeniale"]
[Black "ElGasanov"]
[Result "1/2-1/2"]
[WhiteElo "2520"]
[BlackElo "2729"]
[TimeControl "180+2"]
[EndTime "15:02:12 PDT"]
[Termination "Game drawn by repetition"]

1. e4 d5 2. exd5 Qxd5 3. Nc3 Qd6 4. d4 Nf6 5. Nf3 c6 6. h3 Bf5 7. Bd3 Bxd3 8. Qxd3 e6 9. O-O Nbd7 10. Ne4 Nxe4 11. Qxe4 Be7 12. c4 Nf6 13. Qe2 O-O 14. Bg5 Rfe8 15. Rad1 Rad8 16. Rfe1 h6 17. Be3 Qc7 18. b3 Bb4 19. Bd2 Bxd2 20. Rxd2 Rd6 21. Red1 Red8 22. Qe5 R8d7 23. Qe2 Qd8 24. Ne5 Re7 25. Rd3 Qa5 26. Rg3 Rd8 27. Qf3 Kf8 28. Qe2 Qb6 29. Rgd3 Kg8 30. g3 Ree8 31. h4 Qc7 32. Kg2 Nd7 33. f4 b5 34. Qe4 bxc4 35. bxc4 Rc8 36. g4 Nf8 37. g5 h5 38.
Rb3 Red8 39. Rdb1 Qa5 40. Rb7 Qd2+ 41. Kf3 Rxd4 42. Qe3 Rcd8 43. Qxd2 Rxd2 44. Rxf7 Ng6 45. Rbb7 Nxe5+ 46. fxe5 R8d3+ 47. Ke4 Rd4+ 48. Ke3 R4d3+ 49.
Ke4 Rd4+ 50. Ke3 R4d3+ 51. Ke4 1/2-1/2

[Event "*** Titled Tuesday Blitz"]
[Site "Chess.com"]
[Date "2019.07.02"]
[Round "9"]
[White "Tjktiger"]
[Black "AndrewMaco"]
[Result "1-0"]
[WhiteElo "2873"]
[BlackElo "2626"]
[TimeControl "180+2"]
[EndTime "15:02:13 PDT"]
[Termination "Tjktiger won by resignation"]

1. c4 e5 2. Nc3 Nf6 3. Nf3 Nc6 4. e4 Bb4 5. d3 d6 6. a3 Bc5 7. b4 Bb6 8. Na4 Bd4 9. Nxd4 Nxd4 10. Be2 O-O 11. O-O c6 12. Nc3 a5 13. Rb1 axb4 14. axb4 b5 15. cxb5 cxb5 16. Qe1 d5 17. Bg5 Bb7 18. f4 Qb6 19. Kh1 dxe4 20. fxe5 Nd7 21. dxe4 Nxe5 22. Be7 Nxe2 23. Bxf8 Nxc3 24. Qxc3 f6 25.
Bc5 Qe6 26. Rbe1 Ra2 27. Rf2 Ra8 28. h3 h5 29. Bd4 Rc8 30. Qg3 Nd7 31. e5 Rc4 32.
Rd2 f5 33. Bc5 f4 34. Qg5 Nxc5 35. Rd8+ Kf7 36. Qxh5+ Qg6 37. Rf8+ Kxf8 38. Qxg6 Nd7 39. e6 1-0

[Event "*** Titled Tuesday Blitz"]
[Site "Chess.com"]
[Date "2019.07.02"]
[Round "9"]
[White "Kirill_Klukin"]
[Black "AlexanderKing"]
[Result "1-0"]
[WhiteElo "2645"]
[BlackElo "2516"]
[TimeControl "180+2"]
[EndTime "15:02:15 PDT"]
[Termination "Kirill_Klukin won on time"]

1. Nf3 d5 2. d4 c5 3. c4 e6 4. cxd5 exd5 5. Nc3 Nc6 6. g3 Nf6 7.
Bg2 Be7 8. O-O O-O 9. Bg5 cxd4 10. Nxd4 h6 11. Bf4 Re8 12. Qa4 Bd7 13. Rfd1 Na5 14. Qc2 Rc8 15. Nf5 Bb4 16. Rac1 Be6 17. Nd4 Qd7 18.
Nxe6 Qxe6 19. Qd3 Bxc3 20. Rxc3 Rxc3 21. Qxc3 Qxe2 22. Bf3 Ne4 23. Qe3 Qxe3 24. Bxe3 Nc4 25. Bd4 a6 26. b3 Ncd6 27. Be3 Nf5 28. Bb6 Nf6 29. Bxd5 Nxd5 30. Rxd5 Re6 31. Ba7 g6 32. h4 h5 33. Rd7 Re7 34. Rd8+ Kg7 35. Bc5 Rc7 36.
Ba3 Rc2 37. Bb4 Kf6 38. a4 b5 39. axb5 axb5 40. Rb8 Nd4 41. Kg2 Ke5 42. Ba5 f5 43.
Bb6 Nxb3 44. Be3 Nd4 45. Rb6 Ke4 46. Rxg6 1-0

[Event "*** Titled Tuesday Blitz"]
[Site "Chess.com"]
[Date "2019.07.02"]
[Round "9"]
[White "swisspower96"]
[Black "2nd_life"]
[Result "1/2-1/2"]
[WhiteElo "2731"]
[BlackElo "2540"]
[TimeControl "180+2"]
[EndTime "15:02:21 PDT"]
[Termination "Game drawn by repetition"]

1. d4 Nf6 2. c4 e6 3. Nf3 c5 4. d5 exd5 5. cxd5 d6 6. Nc3 a6 7. a4 g6 8. e4 Bg7 9. Nd2 Nbd7 10. Be2 O-O 11. O-O Re8 12. f4 Qc7 13. Qb3 Rb8 14. Qc2 c4 15. a5 b5 16. axb6 Nxb6 17. h3 Bd7 18. Kh2 Bb5 19. Ra3 Nfd7 20. Bf3 Nc5 21. Rd1 Qe7 22. Nxb5 axb5 23. b4 Nca4 24. Nb1 h5 25.
Be3 h4 26. Bf2 Qf6 27. Be3 Bh6 28. Qc1 Rb7 29. Kh1 Rbe7 30. Nc3 Nxc3 31. Rxc3 Na4 32. Ra3 Rxe4 33. Bxe4 Rxe4 34. Re1 Bxf4 35. Bxf4 Rxe1+ 36. Qxe1 Qxf4 37. Rf3 Qe5 38. Qxh4 c3 39. Qd8+ Kg7 40. Qc7 Qe1+ 41. Kh2 Qe5+ 42. Kg1 Qe1+ 43. Rf1 Qe3+ 44. Kh1 Qe8 45. Qc6 Qe2 46. Kg1 Qe3+ 47. Kh1 Qe2 48.
Kg1 Qe3+ 49. Kh1 Qe2 1/2-1/2

[Event "*** Titled Tuesday Blitz"]
[Site "Chess.com"]
[Date "2019.07.02"]
[Round "9"]
[White "BlackBoarder"]
[Black "MarcoRiehle"]
[Result "0-1"]
[WhiteElo "2503"]
[BlackElo "2706"]
[TimeControl "180+2"]
[EndTime "15:02:22 PDT"]
[Termination "MarcoRiehle won by resignation"]

1. e4 e5 2. Nf3 Nf6 3. Nc3 Nc6 4. Bb5 Bc5 5. Nxe5 O-O 6. Nxc6 dxc6 7. Be2 Qd4 8. O-O Nxe4 9. Nxe4 Qxe4 10. c3 Bd6 11. d4 c5 12. Bd3 Qh4 13. g3 Qh3 14. dxc5 Bg4 15. Be2 Bxe2 16. Qxe2 Bxc5 17. Bf4 c6 18.
Qf3 Qf5 19. Rfe1 Rfe8 20. Kg2 Re6 21. Rxe6 Qxe6 22. b3 Re8 23. Rd1 h6 24. Be3 Bxe3 25. Re1 Qd7 26. Rxe3 Rxe3 27. Qxe3 Qd5+ 28. f3 b6 29. c4 Qd7 30. g4 c5 31. h4 Kf8 32. h5 f6 33. Qf4 Kf7 34. Kf2 Qe7 35.
Qb8 Qd7 36. Ke2 f5 37. Ke3 Kf6 38. Qf8+ Kg5 39. gxf5 Kxh5 40. Kf4 Kh4 41. f6 Qd4+ 42. Kf5 Qxf6+ 43. Qxf6+ gxf6 44. Kg6 Kg3 45. Kxh6 f5 0-1

[Event "*** Titled Tuesday Blitz"]
[Site "Chess.com"]
[Date "2019.07.02"]
[Round "9"]
[White "Galileo22"]
[Black "amylazy"]
[Result "0-1"]
[WhiteElo "2381"]
[BlackElo "2423"]
[TimeControl "180+2"]
[EndTime "15:02:31 PDT"]
[Termination "amylazy won on time"]

1. d4 Nf6 2. Nf3 g6 3. e3 Bg7 4.
Nbd2 O-O 5. b4 d5 6. Be2 c6 7.
O-O Na6 8. a3 Nc7 9. c4 dxc4 10.
Nxc4 Bf5 11. Bb2 Ne4 12. Rc1 Nd5 13. Qb3 Rc8 14. Rfd1 h5 15. a4 Be6 16. Qa3 b5 17.
Nce5 Qd6 18. Nd3 bxa4 19. Qxa4 Bg4 20. Nc5 Nxc5 21. Rxc5 Qc7 22. Rdc1 Qb6 23. Ba3 Bd7 24. Nd2 Qb8 25. Nb3 Nb6 26. Qa6 Be6 27. Na5 Bd5 28. Qd3 Na4 29. R5c2 Qb6 30. h3 f5 31. Qd1 Kh7 32. Bf3 Rcd8 33. Rxc6 Bxc6 34. Rxc6 Qb5 35. Be2 Qd5 36. Qxa4 Qa2 37. Bd3 e5 38. Rc2 Qb1+ 39. Kh2 exd4 40. e4 fxe4 41. Bxe4 d3 42. Rd2 Be5+ 43. g3 Qf1 44. Qc6 Rxf2+ 45. Rxf2 Qxf2+ 46. Bg2 Qxg3+ 47. Kg1 d2 48. Qb7+ Kh8 0-1

[Event "*** Titled Tuesday Blitz"]
[Site "Chess.com"]
[Date "2019.07.02"]
[Round "9"]
[White "WarlordX"]
[Black "MathiasWomacka"]
[Result "1-0"]
[WhiteElo "2401"]
[BlackElo "2319"]
[TimeControl "180+2"]
[EndTime "15:02:33 PDT"]
[Termination "WarlordX won on time"]

1. e4 c5 2. Nc3 Nc6 3. Bb5 Nd4 4. Bc4 e6 5. Nge2 Nf6 6. d3 d5 7. Bb3 Nxb3 8. axb3 dxe4 9. dxe4 Qxd1+ 10. Kxd1 Bd7 11.
f3 Bc6 12. Be3 Be7 13. Ke1 Nd7 14. Kf2 g5 15. Rhd1 h5 16. Na4 f6 17. Rd2 Kf7 18. Rad1 Rad8 19. Ng3 b6 20. Nc3 h4 21. Nge2 Ne5 22.
Ra1 Rxd2 23. Bxd2 Rd8 24. Be3 Rd7 25. h3 f5 26. exf5 exf5 27. f4 gxf4 28. Bxf4 Ng6 29. Bb8 a5 30. Rd1 Rxd1 31. Nxd1 b5 32. Ndc3 a4 33. bxa4 bxa4 34. Bc7 Ke6 35. Ng1 Ne5 36.
Nge2 Nc4 37. b3 axb3 38. cxb3 Nd2 39. Nc1 Bg5 40. g3 hxg3+ 41. Bxg3 Ne4+ 42. Nxe4 fxe4 43. Ne2 e3+ 44. Ke1 Kf5 45. Bd6 Bd5 46. Nc1 c4 47. b4 Ke6 48. Bc5 Bc6 49. Ke2 1-0

[Event "*** Titled Tuesday Blitz"]
[Site "Chess.com"]
[Date "2019.07.02"]
[Round "9"]
[White "Mbneu"]
[Black "narutosmith"]
[Result "1-0"]
[WhiteElo "2336"]
[BlackElo "2212"]
[TimeControl "180+2"]
[EndTime "15:02:38 PDT"]
[Termination "Mbneu won by checkmate"]

1. d4 Nf6 2. c4 e6 3. Nc3 Bb4 4. Bg5 c5 5. d5 h6 6. Bh4 g5 7. Bg3 Ne4 8. Qd3 Qa5 9. Be5 f6 10. Qxe4 fxe5 11. Qg6+ Kf8 12. Qf6+ Kg8 13. Qxe5 Bxc3+ 14. Qxc3 Qxc3+ 15. bxc3 e5 16. e3 d6 17. Bd3 Nd7 18.
Nf3 Nf6 19. Nd2 Kg7 20. O-O Bg4 21. f4 gxf4 22. exf4 Rae8 23. h3 Bd7 24. fxe5 Rxe5 25. Rae1 Rhe8 26. Nf3 Re3 27. Rxe3 Rxe3 28. Rd1 Ne4 29.
Bxe4 Rxe4 30. Re1 Rxe1+ 31. Nxe1 Bf5 32. Nf3 Bd3 33. Nd2 Kf6 34. Kf2 Ke5 35. Ke3 Bc2 36.
Nf3+ Kf5 37. g4+ Kf6 38. Kf4 Bd3 39. Nd2 b6 40. h4 a6 41. Ne4+ Ke7 42. Nd2 b5 43.
cxb5 axb5 44. a3 c4 45. Ne4 Bc2 46. g5 hxg5+ 47. hxg5 Kd7 48. g6 Ke7 49. g7 Kf7 50.
Nxd6+ Kxg7 51. Nxb5 Kf7 52. Ke5 Bb3 53. Kd6 Ke8 54.
Kc5 Kd7 55. Nd6 Ba4 56. Nxc4 Bb3 57. Ne5+ Kc7 58. d6+ Kd8 59. c4 Ba4 60. Kb6 Kc8 61. c5 Kb8 62. c6 Ka8 63. d7 Bxc6 64.
d8=Q# 1-0

[Event "*** Titled Tuesday Blitz"]
[Site "Chess.com"]
[Date "2019.07.02"]
[Round "9"]
[White "ethylalcohol"]
[Black "FMJoseHerrera"]
[Result "1-0"]
[WhiteElo "2110"]
[BlackElo "2597"]
[TimeControl "180+2"]
[EndTime "15:02:39 PDT"]
[Termination "ethylalcohol won on time"]

1. d4 Nf6 2. Nf3 c5 3. c3 g6 4. Bf4 Bg7 5. e3 O-O 6. Bd3 d6 7. h3 Re8 8. O-O Nc6 9. Nbd2 e5 10. Bg5 cxd4 11. exd4 Be6 12. Ne4 d5 13. Nxf6+ Bxf6 14.
Bxf6 Qxf6 15. dxe5 Nxe5 16. Nxe5 Qxe5 17. Re1 Qg5 18. Qf3 Rad8 19. Rad1 a6 20. Bc2 Kg7 21. Bb3 b5 22. Re3 Rd7 23. Rd4 Red8 24. h4 Qf6 25.
Rf4 Qe7 26. Re5 Qd6 27. Qe3 Kg8 28. h5 a5 29. hxg6 hxg6 30. Rh4 Bf5 31. Re8+ Kg7 32. Qh6+ Kf6 33. Qh8+ Kg5 34. f4+ Qxf4 35. Qh6+ Kf6 36. Rxf4 Rxe8 37. g4 Rde7 38. Rxf5+ Ke6 39. Rxd5 Kf6 40.
g5+ Ke6 41. Rxb5+ Kd6 42. Rd5+ Kc6 43. Rd1 Re2 44. Qh1+ Kb6 45. Qd5 R8e5 46. Qd6+ Kb7 47. Bd5+ Kc8 48. Qc6+ Kd8 49. Bxf7+ Ke7 50. Qf6+ 1-0

[Event "*** Titled Tuesday Blitz"]
[Site "Chess.com"]
[Date "2019.07.02"]
[Round "9"]
[White "Grischuk"]
[Black "vovachesss"]
[Result "1-0"]
[WhiteElo "3067"]
[BlackElo "2672"]
[TimeControl "180+2"]
[EndTime "15:02:41 PDT"]
[Termination "Grischuk won by checkmate"]

1. e4 d5 2. exd5 Qxd5 3. Nc3 Qd8 4. d4 Nf6 5. Nf3 c6 6. Bc4 Bf5 7.
Ne5 e6 8. g4 Be4 9. Nxe4 Nxe4 10. Qf3 Nd6 11. Bb3 Nd7 12. Be3 Nxe5 13. dxe5 Qa5+ 14. c3 Qxe5 15. O-O-O Be7 16. Bf4 Bg5 17. Bxg5 Qxg5+ 18. Kb1 O-O-O 19. h4 Qc5 20. Rhe1 Rd7 21. a3 Rhd8 22. Ka2 Nc4 23. Rxd7 Rxd7 24. Qf4 Nd2 25. Bc2 Qc4+ 26. Qxc4 Nxc4 27. Bxh7 Rd2 28. f4 Rxb2+ 29. Ka1 Rh2 30. h5 Nxa3 31. Rd1 b5 32. Bg8 Nc2+ 33.
Kb1 Na3+ 34. Ka1 Nc2+ 35. Kb1 Ne3 36. Re1 Nxg4 37. Bxf7 Kc7 38. Rxe6 Nf6 39. Re5 Kd6 40. Rg5 Ne4 41. Rxg7 Nxc3+ 42. Kc1 a5 43. Rg6+ Kc5 44. h6 b4 45. Rg5+ Kd4 46. Rh5 Rf2 47. h7 b3 48. h8=Q+ Kd3 49. Rh3+ Ke2 50. Qxc3 Rf1+ 51.
Kb2 a4 52. Bc4+ Kf2 53. Qg3# 1-0

[Event "*** Titled Tuesday Blitz"]
[Site "Chess.com"]
[Date "2019.07.02"]
[Round "9"]
[White "AbasovN"]
[Black "JustaTrickstar"]
[Result "0-1"]
[WhiteElo "2881"]
[BlackElo "2880"]
[TimeControl "180+2"]
[EndTime "15:02:43 PDT"]
[Termination "JustaTrickstar won by resignation"]

1. e4 d6 2. d4 Nf6 3. Nc3 g6 4. Nf3 Bg7 5. Be2 O-O 6. O-O Nc6 7. a4 Bg4 8. d5 Nb8 9. h3 Bxf3 10. Bxf3 Nbd7 11. Be3 Re8 12. Be2 e6 13. dxe6 Rxe6 14. Bc4 Re8 15. f3 Nh5 16. a5 Ne5 17. Bb3 a6 18.
Ne2 Nc6 19. c3 Qe7 20. Qd5 Nf6 21. Qd2 d5 22. Bxd5 Rad8 23. c4 Ne5 24. Qc2 c6 25. Bb6 Rc8 26. Nc3 cxd5 27. cxd5 Nc4 28. Bf2 Nd7 29.
Rac1 Nxa5 30. Qa4 Nc4 31. Qb3 Nd2 32. Qxb7 Nxf1 33. Kxf1 Rb8 34. Qxa6 Rxb2 35. d6 Qg5 36. Qa1 Qd2 37. Nd1 Ra2 38. Qb1 Ra1 39. Qxa1 Bxa1 40. Rxa1 Qxd6 41. Ne3 Qd3+ 42. Kg1 f5 43. Rd1 Qb5 44.
exf5 gxf5 45. Rd5 Qb1+ 46. Kh2 Ne5 47. f4 Nd3 48. Bg1 Nxf4 49. Rxf5 Rf8 50. Rg5+ Ng6 51.
Ng4 Rf1 52. Bd4 Rh1+ 53. Kg3 Qd3+ 54. Be3 Re1 55. Nh6+ Kh8 56. Nf5 Rxe3+ 57. Nxe3 Qxe3+ 0-1

[Event "*** Titled Tuesday Blitz"]
[Site "Chess.com"]
[Date "2019.07.02"]
[Round "9"]
[White "Semen_Khanin"]
[Black "VladDobrov"]
[Result "0-1"]
[WhiteElo "2717"]
[BlackElo "2861"]
[TimeControl "180+2"]
[EndTime "15:02:47 PDT"]
[Termination "VladDobrov won by resignation"]

1. Nf3 d5 2. c4 d4 3. e3 Nc6 4. exd4 Nxd4 5. Nxd4 Qxd4 6. d3 Nh6 7. Be3 Qd8 8. Nc3 Nf5 9. d4 g6 10. Qf3 Nxd4 11. Bxd4 Qxd4 12. Rd1 Qe5+ 13. Be2 c6 14. O-O Bg7 15. Rfe1 O-O 16. Bf1 Qc7 17. Qe3 Re8 18. Qc5 Qb6 19. Rxe7 Qxc5 20. Rxe8+ Bf8 21. Rdd8 Bd7 22.
Rxa8 Bxe8 23. Rxe8 Kg7 24. b3 Qd4 25. Re3 Bc5 26. Rf3 f5 27. g3 Qd2 28. h4 Bxf2+ 29. Rxf2 Qxc3 30. Kg2 a5 31. Be2 Qc1 32. Bf3 a4 33. Re2 Kf6 34. bxa4 Qxc4 35. Rb2 Qxa4 36. Rxb7 Qxa2+ 37. Kh3 Qf2 38. Bxc6 h6 39. Rh7 f4 40. gxf4 Qxf4 41. Bg2 h5 42. Rb7 Qg4+ 43. Kh2 Qxh4+ 44. Kg1 Qe1+ 45. Kh2 Qh4+ 46. Kg1 Qd4+ 47. Kh2 g5 48. Rh7 Kg6 49. Rb7 Qh4+ 50. Kg1 Qe1+ 51. Kh2 Qe5+ 52.
Kh1 g4 53. Rb6+ Kg5 54. Rb7 h4 55. Rb3 Qe1+ 56. Kh2 Qe2 57. Kh1 Qd1+ 0-1

[Event "*** Titled Tuesday Blitz"]
[Site "Chess.com"]
[Date "2019.07.02"]
[Round "9"]
[White "DanielNaroditsky"]
[Black "Genghis_K"]
[Result "0-1"]
[WhiteElo "3008"]
[BlackElo "2865"]
[TimeControl "180+2"]
[EndTime "15:02:49 PDT"]
[Termination "Genghis_K won by resignation"]

1. d4 Nf6 2. Nc3 d5 3. Bf4 e6 4. e3 Bb4 5. Bd3 O-O 6. Nf3 c5 7. dxc5 Bxc5 8. O-O Nc6 9. e4 dxe4 10. Nxe4 Nxe4 11. Bxe4 Qf6 12. Bg5 Qxb2 13. Rb1 Qa3 14. Rb3 Qa5 15. Qd3 h6 16. Bd2 Qc7 17. Bc3 Qf4 18.
g3 Qg4 19. Qc4 f5 20. Qxc5 fxe4 21. Ne5 Nxe5 22. Qxe5 b6 23. Rb4 Bb7 24. Rd4 Bd5 25.
f3 Qg6 26. fxe4 Rxf1+ 27. Kxf1 Rf8+ 28. Ke1 Qf7 29. Qf4 Qg6 30. Qe3 Bxa2 31. Rd7 Rf7 32. Rxf7 Qxf7 33. Qd4 Kh7 34. Qa4 Bb1 35. Kd2 Qf3 36. Qd4 e5 37. Qxe5 Qf2+ 38. Kd1 Qxc2+ 39. Ke1 Qxe4+ 40. Qxe4+ Bxe4 41. Be5 g5 42. Bb8 a6 43. Bc7 b5 44. Ba5 Kg6 45. Kf2 Kf5 46. Ke3 Ke5 47. g4 Kd5 48. Bc3 Bg6 49. Bg7 h5 50. gxh5 Bxh5 51. Kd3 b4 52. h3 Bg6+ 53. Kd2 Kc4 54.
Kc1 Kb3 55. Bf6 Ka2 56. Bxg5 b3 57. Bf6 a5 0-1

[Event "*** Titled Tuesday Blitz"]
[Site "Chess.com"]
[Date "2019.07.02"]
[Round "9"]
[White "Vamostodorecto"]
[Black "Mazanchenko_Dmitry"]
[Result "1-0"]
[WhiteElo "2388"]
[BlackElo "2203"]
[TimeControl "180+2"]
[EndTime "15:02:51 PDT"]
[Termination "Vamostodorecto won by checkmate"]

1. d4 g6 2. c4 Bg7 3. e4 d6 4. Nc3 Nc6 5. Nf3 Bg4 6. d5 Nd4 7.
Be3 e5 8. Bxd4 exd4 9. Nb5 c5 10. dxc6 bxc6 11. Nbxd4 Qa5+ 12. Qd2 Qxd2+ 13. Kxd2 Bxf3 14.
Nxf3 Bxb2 15. Rb1 Bg7 16. Rb7 Ne7 17. c5 d5 18. exd5 Nxd5 19. Bc4 O-O 20. Kc2 a5 21. Bxd5 cxd5 22. Rd1 Rfd8 23. Kd3 Bh6 24. Ne5 Rdc8 25. Nxf7 Bf8 26. Kd4 a4 27. Rc1 a3 28. c6 Rab8 29.
Rxb8 Rxb8 30. c7 Rc8 31. Nd8 Bd6 32. Ne6 Kf7 33. Kxd5 Bxh2 34. g3 h5 35. Rh1 Ke7 36.
Rxh2 Kd7 37. Rh4 Re8 38. Re4 Kc8 39. Kd6 Rh8 40. Ra4 Kb7 41. Rb4+ Ka7 42. Ra4+ Kb7 43. Rxa3 g5 44. Rb3+ Ka7 45. Nxg5 h4 46. gxh4 Rh6+ 47. Ne6 Rg6 48. h5 Rg1 49. Rc3 Rd1+ 50. Ke7 Kb6 51. c8=Q Rd7+ 52. Qxd7 Ka6 53. Ra3+ Kb6 54. Rb3+ Ka5 55.
Qd5+ Ka6 56. Qa8# 1-0

[Event "*** Titled Tuesday Blitz"]
[Site "Chess.com"]
[Date "2019.07.02"]
[Round "9"]
[White "bubacik"]
[Black "Squirlolz"]
[Result "1/2-1/2"]
[WhiteElo "2664"]
[BlackElo "2515"]
[TimeControl "180+2"]
[EndTime "15:02:57 PDT"]
[Termination "Game drawn by repetition"]

1. e4 c6 2. d4 d5 3. e5 Bf5 4. Nf3 e6 5. Be2 Nd7 6. O-O Bb4 7. Be3 Ne7 8. Nbd2 Ba5 9. Nb3 Bc7 10. a4 O-O 11.
Nh4 h6 12. Nxf5 Nxf5 13. Bd3 Nxe3 14. fxe3 c5 15. Be2 cxd4 16. exd4 f6 17. Bg4 Qe7 18. exf6 Rxf6 19. Rxf6 Nxf6 20. Nc5 e5 21. Qe2 Nxg4 22.
Qxg4 exd4 23. Ne6 Re8 24. Re1 Bb6 25. Kh1 Qf6 26. b3 h5 27. Qh3 g6 28. b4 Re7 29. a5 Bc7 30. Qb3 Rxe6 31. Qxd5 Kf7 32. Qc4 Bf4 33. Rf1 Qe5 34. Qc8 Kg7 35. Qxb7+ Re7 36.
Qf3 Qe3 37. Qc6 Rf7 38. Qd5 Qe2 39. Qxd4+ Kh7 40. Qg1 Rf6 41. Rf2 Qe4 42. Rf3 Qxc2 43. Qxa7+ Kh6 44. Rf1 Qd3 45. Rg1 Be3 46. Qe7 Bxg1 47. Qxf6 Bd4 48. Qf8+ Kh7 49. Qe7+ Bg7 50. h4 Qc4 51. Kh2 Kg8 52. Qe8+ Kh7 53. Qe7 Kh6 54.
Qg5+ Kh7 55. Qe7 1/2-1/2

[Event "*** Titled Tuesday Blitz"]
[Site "Chess.com"]
[Date "2019.07.02"]
[Round "9"]
[White "TonRicher"]
[Black "Bad4life"]
[Result "1-0"]
[WhiteElo "2400"]
[BlackElo "2345"]
[TimeControl "180+2"]
[EndTime "15:02:57 PDT"]
[Termination "TonRicher won by checkmate"]

1. d4 Nf6 2. c4 g6 3. Nc3 Bg7 4. e4 O-O 5. Nf3 d6 6. Be2 e5 7.
d5 a5 8. Bg5 Na6 9. Nd2 Nc5 10.
b3 h6 11. Be3 b6 12. a3 Bd7 13.
h4 Be8 14. h5 gxh5 15. f3 Nh7 16. Rxh5 f5 17. Rxf5 Rxf5 18. exf5 Qh4+ 19. Kf1 Qh1+ 20. Bg1 e4 21. Ndxe4 Be5 22. Nf2 Qh4 23. Nce4 Nxb3 24. Rb1 Ba4 25. Rxb3 Rf8 26. Qb1 Bxb3 27. Qxb3 Rxf5 28.
g3 Bxg3 29. Nxg3 Qxg3 30. Qd3 Re5 31. Ng4 Rh5 32. Qe3 Kf8 33. Qf2 Qf4 34. Bh2 Qc1+ 35. Kg2 Ng5 36. f4 Ne4 37. Qe3 Qb1 38. Nf2 Nf6 39. Bxh5 Nxh5 40. Qf3 Nf6 41. f5 Qc1 42. Bf4 Qxc4 43. Bxh6+ Ke7 44. Bg5 Kf7 45. Bxf6 Kxf6 46.
Ng4+ Kf7 47. f6 Qc2+ 48. Kg3 Qg6 49. Qf4 Qd3+ 50. Kh4 Qxd5 51. Nh6+ Kf8 52. f7 Qe5 53. Qxe5 dxe5 54. Kg5 b5 55. Kf6 e4 56. Ng4 e3 57. Ne5 e2 58. Ng6# 1-0

[Event "*** Titled Tuesday Blitz"]
[Site "Chess.com"]
[Date "2019.07.02"]
[Round "9"]
[White "Blitzstream"]
[Black "dmosesov"]
[Result "0-1"]
[WhiteElo "2761"]
[BlackElo "2530"]
[TimeControl "180+2"]
[EndTime "15:03:03 PDT"]
[Termination "dmosesov won by resignation"]

1. d4 Nf6 2. Bg5 Ne4 3. Bh4 d5 4. f3 Nd6 5. Nc3 Nc4 6. e4 Nxb2 7.
Qc1 Nc4 8. Nxd5 Nb6 9. Nxb6 axb6 10. c3 Nd7 11. Bc4 Nf6 12. Ne2 g6 13. Nf4 c6 14. e5 Nd5 15. Bxd5 cxd5 16. Qb2 Bh6 17. Nd3 O-O 18. O-O Bf5 19. Rad1 Rc8 20. Nb4 Be6 21. f4 Qc7 22. Be1 Qc4 23. Bd2 Bf5 24. Rf2 Be4 25.
Qb3 Qxb3 26. axb3 Ra8 27. c4 dxc4 28. bxc4 Rfc8 29. Rc1 Ra3 30. Re2 Bd3 31. Re3 Bxf4 32. Rxd3 Rxd3 33. Bxf4 Rxd4 34. Nd5 Rcxc4 35. Rxc4 Rxc4 36.
Nxe7+ Kf8 37. Nd5 b5 38. Kf2 h5 39. Bd2 Rd4 40. Bb4+ Ke8 41. Nf6+ Kd8 42. Ba5+ Kc8 43. Ke3 Ra4 44. Bc3 b4 45. Bd4 b3 46. Nd5 Ra2 47.
Nb6+ Kb8 48. Nc4 Rxg2 49. h4 Rg3+ 50. Ke4 Rg4+ 51. Kd5 Rxh4 52. Bb2 b5 53. Nd6 Rh2 54. Bc1 b2 55. Bxb2 Rxb2 56. Nxf7 Rd2+ 57. Kc6 h4 58.
Ng5 Re2 59. Kd6 b4 60. e6 b3 61. e7 Rxe7 62. Kxe7 b2 0-1

[Event "*** Titled Tuesday Blitz"]
[Site "Chess.com"]
[Date "2019.07.02"]
[Round "9"]
[White "dolynachess"]
[Black "Gubajdullin"]
[Result "0-1"]
[WhiteElo "2464"]
[BlackElo "2591"]
[TimeControl "180+2"]
[EndTime "15:03:07 PDT"]
[Termination "Gubajdullin won by resignation"]

1. d4 d5 2. c4 c6 3. Nc3 Nf6 4.
cxd5 cxd5 5. Bf4 e6 6. e3 Be7 7. Bd3 O-O 8. Nge2 Nc6 9. O-O Bd7 10. a3 Na5 11. Rc1 Nc4 12. Bxc4 dxc4 13. e4 Qb6 14. Qd2 Rfd8 15. Rfd1 Bc6 16. f3 Rd7 17. Be3 Qa6 18. Na2 Ba4 19. Re1 Bb3 20. Nac3 b5 21. Bf2 Qb7 22.
Qe3 a5 23. Nb1 b4 24. axb4 Bxb4 25. Nd2 a4 26. Nxb3 cxb3 27. Red1 Rc8 28. Qd3 Rdc7 29.
Rxc7 Rxc7 30. Rc1 Rxc1+ 31. Nxc1 Qc6 32. Be3 Nd7 33. d5 exd5 34. exd5 Qb7 35. Qc4 h6 36. Nd3 Bd6 37. Kf2 Ne5 38. Nxe5 Bxe5 39. Qxa4 Qxd5 40.
Qa3 Bd6 41. Qa7 h5 42. h4 Qd3 43. Qd4 Qc2+ 44. Qd2 Qxd2+ 45. Bxd2 Be5 46. Bc1 Bf6 47. g3 Be5 48. f4 Bd4+ 49. Ke2 f5 50. Kd3 Bf2 51.
Kc4 Bxg3 52. Kxb3 Bxh4 53. Kc4 Bg3 54. Be3 h4 55. b4 h3 56. Bg1 h2 57. Bxh2 Bxh2 58.
Kd5 Bxf4 0-1

[Event "*** Titled Tuesday Blitz"]
[Site "Chess.com"]
[Date "2019.07.02"]
[Round "9"]
[White "Maili15"]
[Black "GeorgeTen"]
[Result "0-1"]
[WhiteElo "2254"]
[BlackElo "2263"]
[TimeControl "180+2"]
[EndTime "15:03:07 PDT"]
[Termination "GeorgeTen won by resignation"]

1. d4 d5 2. c4 dxc4 3. e4 e5 4. Nf3 exd4 5. Bxc4 Nc6 6. O-O Be6 7. Bb5 Bc5 8. Nbd2 Ne7 9. Nb3 Bb6 10. Ng5 Bxb3 11.
Qxb3 O-O 12. Bf4 Ng6 13. Bd2 Nce5 14. Kh1 c6 15. Be2 d3 16. Bh5 h6 17. Nh3 Ne7 18. f4 Nd7 19. Qxd3 Nc5 20. Qxd8 Raxd8 21. Bb4 Rfe8 22.
Bxc5 Bxc5 23. Rad1 Bd4 24. Rd2 c5 25. Rfd1 Nc6 26. Bf3 Be3 27. Rxd8 Rxd8 28. Rxd8+ Nxd8 29. Ng1 Bxf4 30. Ne2 Be5 31. b3 Nc6 32. Kg1 Nb4 33. a3 Nc2 34. a4 Na1 35. Nc1 Bb2 36. Nd3 Bd4+ 37. Kf1 Nxb3 38. Ke2 c4 39. Nb4 Nc5 40. Nc2 Be5 41. a5 Bc3 42. Ne3 Bxa5 43. Nxc4 Bc7 44. Kd2 b5 45. Na3 a6 46. g3 Be5 47. Kc2 Kf8 48. Nb1 Ke7 49. Nd2 Kd6 50. Bh5 g6 51. Be2 Kc6 52. Nb3 Nxe4 53. Kd3 Nc5+ 54. Nxc5 Kxc5 55. Kc2 a5 56. Kb3 a4+ 57. Ka3 Bd4 58. h3 Be3 59. g4 Bc1+ 60. Ka2 b4 61. Kb1 Bf4 62. Bd1 b3 63. Be2 Kb4 64. Bd3 a3 0-1